 Dungeon Crawl Stone Soup version 0.24-a0-183-g8902462 (console) character file.

Game seed: 16785950684498868226

179 Duffy the Magician (level 5, -8/28 HPs)
             Began as a Deep Elf Fire Elementalist on Mar 15, 2019.
             Killed from afar by Ijustatesigmund's ghost (11 damage)
             ... with a magic dart
             ... on level 3 of the Dungeon.
             The game lasted 00:02:10 (2498 turns).

Duffy the Magician (Deep Elf Fire Elementalist)     Turns: 2498, Time: 00:02:10

Health: -8/28      AC:  4    Str:  5    XL:     5   Next: 33%
Magic:  6/13       EV: 12    Int: 21    God:
Gold:   92         SH:  0    Dex: 15    Spells: 4/12 levels left

rFire    . . .     SeeInvis .   c - 6 rations
rCold    . . .     Gourm    .   (no shield)
rNeg     . . .     Faith    .   a - +0 robe
rPois    .         Spirit   .   n - +1 helmet of Deimudeng {*Slow rElec MR+}
rElec    +         Reflect  .   (no cloak)
rCorr    .         Harm     .   (no gloves)
MR       +....                  (no boots)
Stlth    ++........             (no amulet)
HPRegen  0.09/turn              f - ring of flight
MPRegen  0.13/turn              (no ring)

@: lightly drained
A: no striking features
a: Evoke Flight


You were on level 3 of the Dungeon.
You were not hungry.

You visited 1 branch of the dungeon, and saw 3 of its levels.

You collected 92 gold pieces.

Inventory:

Missiles
 l - a throwing net (quivered)
Armour
 a - a +0 robe (worn)
 n - the +1 helmet of Deimudeng (worn) {*Slow rElec MR+}
   (You took it off Robin on level 2 of the Dungeon)

   It insulates you from electricity.
   It affects your resistance to hostile enchantments.
   It may slow you when you take damage.
Jewellery
 f - a ring of flight (left hand)
Scrolls
 e - 3 scrolls of identify {unknown}
 j - a scroll of teleportation {unknown}
 k - 5 scrolls of remove curse {unknown}
 m - a scroll of fog {unknown}
 o - a scroll of enchant armour {unknown}
Potions
 b - a potion of invisibility {unknown}
 d - 2 potions of curing {unknown}
 g - a potion of lignification {unknown}
 h - 2 potions of brilliance {unknown}
 i - a potion of flight {unknown}
Comestibles
 c - 6 rations (in hand)
 p - 2 chunks of flesh


   Skills:
 - Level 2.4(1.9) Dodging
 - Level 2.4(1.9) Stealth
 + Level 4.3(3.8) Spellcasting
 + Level 4.3(3.8) Conjurations
 + Level 4.2(3.7) Fire Magic


You had 4 spell levels left.
You knew the following spells:

 Your Spells              Type           Power        Failure   Level  Hunger
h - Flame Tongue          Conj/Fire      ###..        2%          1    None
j - Sticky Flame          Conj/Fire      ###.....     26%         4    ####...
l - Conjure Flame         Conj/Fire      ###.....     8%          3    ###....

Your spell library contained the following spells:

 Spells                   Type           Power        Failure   Level  Hunger
 Throw Flame              Conj/Fire      ###...       4%          2    #......
 Inner Flame              Hex/Fire       ##......     17%         3    ###....
 Fireball                 Conj/Fire      ###.......   58%         5    ######.


Dungeon Overview and Level Annotations

Branches:
Dungeon (3/15)

Altars:

Annotations:
D:3 Ijustatesigmund's ghost, amateur OpWz


Message History

The giant cockroach is severely wounded.
Ijustatesigmund's ghost hits you. Ijustatesigmund's ghost burns you.
Ijustatesigmund's ghost mumbles some strange words.
Ijustatesigmund's ghost blinks!
Found an escape hatch in the floor.
Found a scroll labeled FUFRERI EGACU.
The giant cockroach barely misses you.
There is an escape hatch in the floor here.
The giant cockroach misses you.
Cast which spell? (? or * to list)
Aiming: Flame Tongue (safe; 2% risk of failure)
Press: ? - help, Shift-Dir - straight line, f - giant cockroach
Aim: a giant cockroach (severely wounded, clinging)
The flame tongue hits the giant cockroach!
You kill the giant cockroach!
Cast which spell? (? or * to list)
You can't see any susceptible monsters within range! (Use Z to cast anyway.) Ijustatesigmund's ghost stares at you and mumbles some strange words.
The magic dart hits you!
You die...

... #.# #.# #.#
#.# #.#
####.##.####.#..
#......@........
####.###.#.#.#.
#.# #.# #.# #.#
#~~~# #.# #.#
#~/w# #.# #.#
#~~~# #.# #W#
#~~~####.###.#
#~~~##....>..#


You could see Ijustatesigmund's ghost.

Vanquished Creatures
  A bullfrog (D:3)
  Robin (D:2)
  4 adders
  2 oozes (D:2)
  A worm (D:2)
  A leopard gecko (D:2)
  6 bats
  3 giant cockroaches
  13 goblins
  11 hobgoblins
  2 jackals (D:2)
  2 kobolds
  2 frilled lizards
  7 rats
56 creatures vanquished.

Notes
Turn   | Place    | Note
-------+----------+-------------------------------------------
     0 | D:1      | Duffy the Deep Elf Fire Elementalist began the quest for
                  | the Orb.
     0 | D:1      | Reached XP level 1. HP: 10/10 MP: 6/6
   392 | D:1      | Reached XP level 2. HP: 15/15 MP: 6/8
  1155 | D:2      | Reached XP level 3. HP: 16/19 MP: 1/9
  1161 | D:2      | Learned a level 3 spell: Conjure Flame
  1349 | D:2      | Identified the +1 helmet of Deimudeng {*Slow rElec MR+}
  1349 | D:2      | Noticed Robin
  1701 | D:2      | Reached XP level 4. HP: 18/24 MP: 2/11
  1710 | D:2      | Learned a level 4 spell: Sticky Flame
  2058 | D:2      | Killed Robin
  2466 | D:3      | Found a runed translucent door.
  2471 | D:3      | Noticed Ijustatesigmund's ghost (amateur OpWz)
  2471 | D:3      | Noticed a bullfrog
  2476 | D:3      | Killed a bullfrog
  2476 | D:3      | Reached XP level 5. HP: 4/28 MP: 8/13
  2482 | D:3      | HP: 1/28 [Ijustatesigmund's ghost (1)]
  2498 | D:3      | Killed from afar by Ijustatesigmund's ghost

Levels and vault maps discovered:
D:1:      grunt_arrival_lava_bath, layout_basic, minmay_misc_feat_more_columns
D:2:      layout_rooms, uniq_robin
D:3:      layout_basic, zin_statuary, ebering_ghost_sewer_f, first_ration,
          uniq_terence, uniq_natasha

Skill      XL: |  1  2  3  4 |
---------------+-------------+-----
Conjurations   | 2 3 4 |  4.3
Spellcasting   | 4 |  4.3
Fire Magic     | 4 |  4.2
Dodging        | |  2.4
Stealth        | |  2.4

Action                   |  1- 3 |  4- 6 || total
-------------------------+-------+-------++-------
 Cast: Flame Tongue      |    75 |    41 ||   116
  Eat: Chunk             |     2 |     3 ||     5
Armor: Robe              |    19 |     4 ||    23
Dodge: Dodged            |    50 |    12 ||    62

Table legend:
 A = Non-vault XP
 B = Vault XP
 C = Vault XP percentage of total XP
 D = Non-vault monster count
 E = Vault monster count
 F = Vault count percentage of total count
                 A         B        C        D         E       F
            +---------+---------+-------+---------+---------+-------
      Total |     117 |     140 |  54.5 |      41 |      15 |  26.8
            +---------+---------+-------+---------+---------+-------
        D:1 |      28 |       6 |  17.6 |      18 |       3 |  14.3
        D:2 |      89 |      31 |  25.8 |      23 |       9 |  28.1
        D:3 |       0 |     103 | 100.0 |       0 |       3 | 100.0
            +---------+---------+-------+---------+---------+-------
